 Dungeon Crawl Stone Soup version 0.23-a0-650-ga4d50d4 (webtiles) character file.

8619 mhoghedin the Nimble (level 11, -1/108 HPs)
             Began as a Kobold Berserker on Jan 4, 2019.
             Was a High Priest of Trog.
             Slain by a six-headed hydra (9 damage)
             ... on level 1 of the Lair of Beasts.
             The game lasted 00:19:00 (9148 turns).

mhoghedin the Nimble (Kobold Berserker)             Turns: 9148, Time: 00:19:01

Health: -1/108     AC:  8    Str: 22    XL:     11   Next: 59%
Magic:  0/15       EV: 26    Int:  9    God:    Trog [*****.]
Gold:   448        SH:  0    Dex: 20    Spells: 10/10 levels left

rFire    + . .     SeeInvis .   p - +2 quarterstaff (chaos)
rCold    + . .     Gourm    .   (shield currently unavailable)
rNeg     . . .     Faith    .   m - +2 leather armour {rPois}
rPois    +         Spirit   +   b - +0 helmet
rElec    .         Reflect  .   o - scarf {rC+ rF+}
rCorr    .         Harm     .   y - +0 pair of gloves
MR       .....                  (no boots)
Stlth    ..........             j - amulet of guardian spirit {Spirit}
HPRegen  0.28/turn              k - +3 ring of evasion
MPRegen  0.14/turn              x - +5 ring of dexterity

@: berserking, very quick
A: small, carnivore
a: Berserk, Trog's Hand, Brothers in Arms, Renounce Religion


You were on level 1 of the Lair of Beasts.
You worshipped Trog.
Trog was extremely pleased with you.
You were not hungry.

You visited 2 branches of the dungeon, and saw 10 of its levels.

You collected 578 gold pieces.
You spent 130 gold pieces at shops.

Inventory:

Hand Weapons
 p - a +2 quarterstaff of chaos (weapon)
   (You took it off Crazy Yiuf on level 2 of the Dungeon)
 H - a +0 morningstar of holy wrath
   (You found it on level 1 of the Lair of Beasts)
Missiles
 e - 2 throwing nets {=f, !d}
Armour
 b - a +0 helmet (worn)
   (You took it off Robin on level 3 of the Dungeon)
 m - a +2 leather armour of poison resistance (worn)
   (You found it on level 2 of the Dungeon)
 o - a scarf of resistance (worn)
   (You found it on level 4 of the Dungeon)
 y - a +0 pair of gloves (worn)
   (You found it on level 7 of the Dungeon)
Jewellery
 j - an amulet of guardian spirit (around neck) {Spirit}
   (You found it on level 1 of the Dungeon)
 k - a +3 ring of evasion (left hand)
   (You found it on level 3 of the Dungeon)
 x - a +5 ring of dexterity (right hand)
   (You found it on level 7 of the Dungeon)
Wands
 d - a wand of enslavement (8)
   (You found it on level 3 of the Dungeon)
 q - a wand of iceblast (6)
   (You took it off an orc on level 4 of the Dungeon)
 s - a wand of random effects (48)
   (You found it on level 5 of the Dungeon)
 w - a wand of paralysis (9)
   (You found it on level 6 of the Dungeon)
Scrolls
 f - 4 scrolls of remove curse
 g - 2 scrolls of magic mapping {!r}
 h - 9 scrolls of teleportation
 t - a scroll of summoning {unknown}
 v - a scroll of enchant armour {unknown}
 z - a scroll of torment {!r}
 E - a scroll of fog
 G - 2 scrolls of identify
Potions
 i - a potion of magic
 l - a potion of mutation {unknown}
 n - a potion of haste
 r - 3 potions of lignification {!q}
 u - 2 potions of might
 B - 3 potions of curing
 C - a potion of ambrosia {unknown}
 D - a potion of flight {unknown}
 F - 2 potions of heal wounds
Comestibles
 c - 19 rations


   Skills:
 - Level 9.7 Fighting
 - Level 3.9(6.0) Maces & Flails
 - Level 7.0(7.5) Staves
 - Level 7.1 Armour
 - Level 10.2 Dodging
 + Level 5.6 Evocations


You had 10 spell levels left.
You didn't know any spells.
Your spell library was empty.

Dungeon Overview and Level Annotations

Branches:
Dungeon (9/15)             Temple (0/1) D:5            Lair (1/6) D:9
    Orc: D:9-12

Altars:
Ashenzari
Hepliaklqana
Makhleb
Nemelex Xobeh
Okawaru
Ru
Uskayaw
Vehumet
Wu Jian
Yredelemnul

Shops:
D:9 *

Annotations:
D:5 2 transporters, Phong's ghost, novice OpFi
D:9 3 runed doors, cirnu's ghost, journeyman DsCK


Innate Abilities, Weirdness & Mutations

You are small and have problems with some larger weapons.
You are carnivorous and can eat meat at any time.


Message History

You enter the shallow water.
Moving in this stuff is going to be slow.
The black mamba misses you. The black mamba completely misses you.
You sock the black mamba! You burn the black mamba.
The black mamba bites you but does no damage.
The black mamba completely misses you.
You miss the black mamba.
The black mamba completely misses you. x2
You hit the black mamba. You burn the black mamba.
The black mamba closely misses you.
You miss the black mamba. The black mamba misses you.
The black mamba bites you.
You take 2 damage, and have 49/72 hp.
You now have 11/14 mp.
You hit the black mamba. The black mamba closely misses you.
The black mamba barely misses you.
You thump the black mamba! You burn the black mamba.
The black mamba misses you.
You sock the black mamba!
The black mamba seems to slow down.
You freeze the black mamba.
You kill the black mamba!
Trog accepts your kill.
No target in view!
You open the door.
There is an open door here.
You enter the shallow water.
Moving in this stuff is going to be slow.
You enter the shallow water.
Moving in this stuff is going to be slow.
You open the door.
There is an open door here.
You enter the shallow water.
Moving in this stuff is going to be slow.
A bullfrog comes into view.
The bullfrog croaks.
You open the door.
A six-headed hydra comes into view.
The six-headed hydra roars!
The bullfrog misses you. The bullfrog completely misses you.
The bullfrog barely misses you. The bullfrog misses you.
There is an open door here.
Your ogre goes berserk!
The bullfrog completely misses you. x2
MP restored: 15 You enter the shallow water.
Moving in this stuff is going to be slow.
Something bites the plant! x2
Something bites the plant but does no damage.
Something bites the plant!
Something bites the plant. x2
The bullfrog hits you.
Your ogre closely misses the bullfrog.
Something bites the plant! x2
The plant is destroyed!
You take 3 damage, and have 52/72 hp.
You now have 14/15 mp.
Your ogre barely misses the bullfrog.
The bullfrog completely misses you.
You sock the bullfrog!
The bullfrog is moving more slowly.
The bullfrog completely misses you.
Your ogre hits the bullfrog with a +0 giant spiked club!
You hit the bullfrog. The bullfrog misses you.
Your ogre hits the bullfrog with a +0 giant spiked club.
The bullfrog dies!
Trog accepts your kill.
Your ogre hits the six-headed hydra with a +0 giant spiked club!!!
The six-headed hydra barely misses your ogre.
The six-headed hydra bites your ogre. x2
The six-headed hydra bites your ogre!! x2
The six-headed hydra bites your ogre!
Your ogre dies!
Your ogre's corpse disappears in a puff of smoke!
MP restored: 15 You hit the six-headed hydra but do no damage.
The six-headed hydra barely misses you.
The six-headed hydra completely misses you. x2
The six-headed hydra closely misses you.
The six-headed hydra bites you!
The six-headed hydra closely misses you.
You take 6 damage, and have 48/72 hp.
You now have 13/15 mp.
You hit the six-headed hydra.
The six-headed hydra is poisoned.
The six-headed hydra barely misses you. The six-headed hydra bites you!
The six-headed hydra bites you.
The six-headed hydra closely misses you.
The six-headed hydra bites you! x2
You take 24 damage, and have 24/72 hp.
MASSIVE DAMAGE!!
You now have 6/15 mp.
Unknown command.
A red film seems to cover your vision as you go berserk!
You feel yourself moving faster!
You feel mighty!
You feel a lot more hungry. The six-headed hydra barely misses you.
The six-headed hydra bites you!
* * * LOW HITPOINT WARNING * * *
The six-headed hydra bites you.
* * * LOW HITPOINT WARNING * * *
The six-headed hydra bites you!
* * * LOW HITPOINT WARNING * * *
The six-headed hydra bites you!
* * * LOW HITPOINT WARNING * * *
The six-headed hydra misses you.
You now have 7/108 hp.
You sock the six-headed hydra!
Lightning courses through the six-headed hydra!
The six-headed hydra bites you!
You die...

#≈≈≈≈≈≈P......##.>.
#≈≈≈≈≈≈≈≈..........
#≈≈≈≈≈≈≈≈≈P........
##.≈≈≈≈≈≈≈≈........
#..≈≈≈≈≈≈≈≈.......
#P.P.≈≈≈≈≈≈≈####..
#≈≈≈..≈≈≈≈≈≈#≈..#.
#..#...≈≈≈≈≈.≈..#.
#@≈'............+.
#D≈#.≈..≈≈≈≈#≈..#.
#'#####.≈≈≈≈#≈≈.#.
#.≈#≈.#.≈≈≈≈#####.
#≈≈≈≈≈#≈P≈≈≈≈≈ ..
#'#####≈.≈≈≈≈≈. ..
#.. #PP≈≈≈≈≈....
#≈.. #..≈≈≈≈≈≈.
#≈PD.


You could see a six-headed hydra.

Vanquished Creatures
  A two-headed ogre (D:9)
  Joseph (D:7)
  3 black mambas (Lair:1)
  2 komodo dragons
  A hippogriff (Lair:1)
  Sigmund (D:2)
  A spriggan (shapeshifter) (D:7)
  A wyvern (D:9)
  6 yaks (D:9)
  A hungry ghost (D:7)
  A steam dragon (D:9)
  Grum (D:8)
  Menkaure (D:6)
  2 water moccasins
  Duvessa (D:5)
  A porcupine (Lair:1)
  2 orc warriors
  A sky beast (D:6)
  2 phantoms
  A black bear (shapeshifter) (D:7)
  A centaur (D:7)
  3 ogres
  A necrophage (D:9)
  3 wolves (D:8)
  2 bullfrogs
  Dowan (D:5)
  4 scorpions
  6 killer bees (D:7)
  An electric eel (Lair:1)
  5 wights (D:6)
  5 crimson imps
  2 centaur zombies
  6 hounds
  4 orc priests
  2 jellies
  8 orc wizards
  A quasit (D:5)
  Crazy Yiuf (D:2)
  2 centaur skeletons
  A bullfrog skeleton (D:5)
  3 iguanas (D:9)
  8 worker ants
  A killer bee zombie (D:9)
  A hound zombie (D:9)
  A hound skeleton (D:7)
  A worker ant zombie (D:7)
  Robin (D:3)
  7 gnolls
  9 adders
  A shadow imp (D:5)
  4 adder skeletons
  3 worms
  5 dart slugs
  7 leopard geckos
  31 orcs
  2 ball pythons
  2 giant cockroaches
  15 goblins
  13 hobgoblins
  17 jackals
  13 kobolds
  5 quokkas
  9 bats
  2 frilled lizards
  A leopard gecko skeleton (D:5)
  A leopard gecko zombie (D:5)
  A quokka zombie (D:7)
  16 rats
270 creatures vanquished.

Vanquished Creatures (collateral kills)
  A bullfrog (Lair:1)
1 creature vanquished.

Vanquished Creatures (others)
  A worker ant zombie (D:5)
  3 plants
4 creatures vanquished.

Grand Total: 275 creatures vanquished

Notes
Turn   | Place    | Note
-------+----------+-------------------------------------------
     0 | D:1      | mhoghedin the Kobold Berserker began the quest for the Orb.
     0 | D:1      | Reached XP level 1. HP: 14/14 MP: 1/1
    37 | D:1      | Reached XP level 2. HP: 12/19 MP: 2/2
   560 | D:1      | Reached XP level 3. HP: 23/23 MP: 3/3
   614 | D:1      | Reached skill level 3 in Maces & Flails
   738 | D:1      | Reached skill level 3 in Dodging
   749 | D:1      | Reached skill level 2 in Armour
   932 | D:1      | Reached ** piety under Trog
  1318 | D:2      | Noticed Sigmund
  1326 | D:2      | Killed Sigmund
  1326 | D:2      | Reached skill level 4 in Fighting
  1326 | D:2      | Reached skill level 4 in Dodging
  1326 | D:2      | Reached XP level 4. HP: 30/30 MP: 4/4
  1326 | D:2      | Reached XP level 5. HP: 34/34 MP: 5/5
  1326 | D:2      | Reached XP level 6. HP: 39/39 MP: 6/6
  1530 | D:2      | Found a basalt altar of Yredelemnul.
  1863 | D:2      | Found a runed door.
  1904 | D:2      | Found a radiant altar of Vehumet.
  1905 | D:2      | Found a hide-covered altar of Uskayaw.
  2031 | D:2      | Found a burning altar of Makhleb.
  2177 | D:2      | Noticed Crazy Yiuf
  2190 | D:2      | Killed Crazy Yiuf
  2385 | D:3      | Reached skill level 3 in Armour
  2627 | D:3      | Noticed Robin
  2632 | D:3      | Reached XP level 7. HP: 42/44 MP: 5/7
  2659 | D:3      | Killed Robin
  2721 | D:3      | Reached skill level 1 in Staves
  2726 | D:3      | Reached *** piety under Trog
  2785 | D:3      | Reached skill level 5 in Fighting
  2825 | D:3      | Found an iron altar of Okawaru.
  3622 | D:4      | Reached skill level 5 in Dodging
  3762 | D:4      | Reached skill level 2 in Staves
  3920 | D:4      | Reached XP level 8. HP: 50/50 MP: 5/8
  4015 | D:4      | Reached **** piety under Trog
  4219 | D:5      | Entered Level 5 of the Dungeon
  4313 | D:5      | Reached skill level 6 in Fighting
  4313 | D:5      | Reached skill level 4 in Armour
  4313 | D:5      | Reached skill level 6 in Dodging
  4447 | D:5      | Found a transporter.
  4447 | D:5      | Found a transporter.
  4447 | D:5      | Noticed Phong's ghost (novice OpFi)
  4471 | D:5      | Noticed Dowan
  4471 | D:5      | Noticed Duvessa
  4500 | D:5      | Reached skill level 3 in Staves
  4515 | D:5      | Killed Dowan
  4586 | D:5      | Killed Duvessa
  4726 | D:5      | Reached XP level 9. HP: 56/56 MP: 9/9
  4839 | D:5      | Found a hazy altar of Hepliaklqana.
  4991 | D:5      | Found a staircase to the Ecumenical Temple.
  5197 | D:6      | Reached skill level 7 in Dodging
  5251 | D:6      | Reached skill level 4 in Staves
  5326 | D:6      | Reached skill level 7 in Fighting
  5335 | D:6      | Reached skill level 5 in Armour
  5675 | D:6      | Noticed Menkaure
  5687 | D:6      | Killed Menkaure
  5947 | D:6      | Found a radiant altar of Vehumet.
  6068 | D:7      | Noticed Joseph
  6079 | D:7      | Killed Joseph
  6079 | D:7      | Reached skill level 5 in Staves
  6079 | D:7      | Reached skill level 8 in Dodging
  6237 | D:7      | Reached XP level 10. HP: 64/64 MP: 10/10
  6288 | D:7      | Reached skill level 8 in Fighting
  6345 | D:7      | HP: 16/64 [bullfrog (5)]
  6350 | D:7      | Reached ***** piety under Trog
  6350 | D:7      | Reached skill level 6 in Armour
  6912 | D:7      | Found a sparkling altar of Nemelex Xobeh.
  7181 | D:7      | Reached skill level 9 in Dodging
  7315 | D:8      | Found an ornate altar of the Wu Jian Council.
  7372 | D:8      | Noticed Grum
  7406 | D:8      | Killed Grum
  7406 | D:8      | Reached skill level 6 in Staves
  7504 | D:8      | Found a sacrificial altar of Ru.
  7990 | D:9      | Found a staircase to the Lair.
  7991 | D:9      | Noticed a komodo dragon
  8027 | D:9      | Killed a komodo dragon
  8027 | D:9      | Reached skill level 9 in Fighting
  8041 | D:9      | Found a runed gate.
  8041 | D:9      | Found a runed gate.
  8041 | D:9      | Found a runed gate.
  8045 | D:9      | Noticed a spectral centaur warrior
  8045 | D:9      | Noticed cirnu's ghost (journeyman DsCK)
  8241 | D:9      | Found Qarr's General Store.
  8249 | D:9      | Bought 2 potions of heal wounds for 130 gold pieces
  8353 | D:9      | Reached XP level 11. HP: 71/71 MP: 11/11
  8407 | D:9      | Received a gift from Trog
  8583 | D:9      | Reached skill level 10 in Dodging
  8639 | D:9      | Found a shattered altar of Ashenzari.
  8679 | D:9      | Reached skill level 7 in Armour
  8696 | D:9      | Noticed a two-headed ogre
  8706 | D:9      | Killed a two-headed ogre
  8706 | D:9      | Reached skill level 7 in Staves
  8840 | Lair:1   | Entered Level 1 of the Lair of Beasts
  8855 | Lair:1   | Reached skill level 2 in Evocations
  8862 | Lair:1   | Reached skill level 3 in Evocations
  9045 | Lair:1   | Reached skill level 4 in Evocations
  9104 | Lair:1   | Reached skill level 5 in Evocations
  9133 | Lair:1   | Noticed a six-headed hydra
  9147 | Lair:1   | HP: 19/108 [six-headed hydra (9)]
  9147 | Lair:1   | HP: 7/108 [six-headed hydra (12)]
  9148 | Lair:1   | Slain by a six-headed hydra

Vault maps used:
D:1:      nzn_arrival_water_spiral
D:2:      lemuel_round_altar, makhleb_blood_cavern_becter,
          gammafunk_temple_overflow_pools, uniq_sigmund, uniq_crazy_yiuf_cottage
D:3:      marbit_many_paths, serial_glass, glass_columns_c, glass_columns_a,
          uniq_robin
D:4:      first_ration
D:5:      old_standard_altar, minmay_temple_entry_enclosed_plants,
          gammafunk_ghost_arena, chequers_big_river, hex_large, uniq_duvessa
D:6:      basic_altar, uniq_menkaure
D:7:      lemuel_round_altar, uniq_joseph
D:8:      nicolae_ru_the_path_less_chosen, overflow_temple_1_default, uniq_grum
D:9:      lemuel_coloured_pillars_altar, david_lair_shrubbed, serial_shops,
          shop, gammafunk_ghost_necromancy, grunt_ogre_cave
Lair:1:   cheibrodos_lair_river_kwai, ebering_ghost_funeral_grove, st_stairs_9,
          serial_bayou_shore_b, infiniplex_staircase_pool_2

Skill      XL: |  1  2  3  4  5  6  7  8  9 10 11 |
---------------+----------------------------------+-----
Maces & Flails | 3 |  3.9
Dodging        | 4 5 6 8 9 10 | 10.2
Armour         | 2 3 4 5 6 7 |  7.1
Fighting       | 4 5 6 7 9 |  9.7
Staves         | 2 3 5 6 7 |  7.0
Evocations     | 5 |  5.6

Action                   |  1- 3 |  4- 6 |  7- 9 | 10-12 || total
-------------------------+-------+-------+-------+-------++-------
Melee: Mace              |   102 |    61 |       |       ||   163
       Quarterstaff      |       |    23 |   375 |   358 ||   756
       Dagger            |       |    11 |       |       ||    11
Invok: Berserk           |     3 |     1 |     6 |     5 ||    15
       Trog's Hand       |     1 |       |     2 |     2 ||     5
       Brothers in Arms  |       |       |       |     1 ||     1
Evoke: Wand              |       |       |     3 |     5 ||     8
  Use: Scroll            |       |     8 |     4 |     4 ||    16
       Potion            |       |     3 |       |       ||     3
 Stab: Sleeping          |     1 |     2 |     2 |     2 ||     7
       Distracted        |       |       |     1 |       ||     1
       Paralysed         |       |       |     5 |    21 ||    26
       Confused          |       |       |     1 |       ||     1
       Petrifying        |       |       |       |     1 ||     1
  Eat: Chunk             |    11 |     6 |    15 |    17 ||    49
Armor: Animal skin       |    22 |       |       |       ||    22
       Leather armour    |       |     8 |    69 |    52 ||   129
Dodge: Dodged            |   110 |    78 |   392 |   398 ||   978

Table legend:
 A = Non-vault XP
 B = Vault XP
 C = Vault XP percentage of total XP
 D = Non-vault monster count
 E = Vault monster count
 F = Vault count percentage of total count
                 A         B        C        D         E       F
            +---------+---------+-------+---------+---------+-------
      Total |    9191 |    3122 |  25.4 |     243 |      29 |  10.7
            +---------+---------+-------+---------+---------+-------
        D:1 |      58 |       0 |   0.0 |      33 |       0 |   0.0
        D:2 |      50 |     304 |  85.9 |      22 |       3 |  12.0
        D:3 |     278 |      37 |  11.7 |      44 |      13 |  22.8
        D:4 |     460 |       0 |   0.0 |      19 |       0 |   0.0
        D:5 |     601 |     214 |  26.3 |      25 |       2 |   7.4
        D:6 |    1237 |     172 |  12.2 |      30 |       1 |   3.2
        D:7 |    1702 |     475 |  21.8 |      30 |       1 |   3.2
        D:8 |     296 |     539 |  64.6 |      13 |       4 |  23.5
        D:9 |    3060 |     463 |  13.1 |      21 |       2 |   8.7
     Lair:1 |    1449 |     918 |  38.8 |       6 |       3 |  33.3
            +---------+---------+-------+---------+---------+-------

Vault maps used:
D:1:      nzn_arrival_water_spiral
D:2:      lemuel_round_altar, makhleb_blood_cavern_becter,
          gammafunk_temple_overflow_pools, uniq_sigmund, uniq_crazy_yiuf_cottage
D:3:      marbit_many_paths, serial_glass, glass_columns_c, glass_columns_a,
          uniq_robin
D:4:      first_ration
D:5:      old_standard_altar, minmay_temple_entry_enclosed_plants,
          gammafunk_ghost_arena, chequers_big_river, hex_large, uniq_duvessa
D:6:      basic_altar, uniq_menkaure
D:7:      lemuel_round_altar, uniq_joseph
D:8:      nicolae_ru_the_path_less_chosen, overflow_temple_1_default, uniq_grum
D:9:      lemuel_coloured_pillars_altar, david_lair_shrubbed, serial_shops,
          shop, gammafunk_ghost_necromancy, grunt_ogre_cave
Lair:1:   cheibrodos_lair_river_kwai, ebering_ghost_funeral_grove, st_stairs_9,
          serial_bayou_shore_b, infiniplex_staircase_pool_2

Table legend:
 A = Turns spent in this place as a percentage of turns spent in the entire game.
 B = Non-inter-level travel turns spent in this place as a percentage of non-inter-level travel turns spent in the entire game.
 C = Inter-level travel turns spent in this place as a percentage of turns spent in this place.
 D = Turns resting spent in this place as a percentage of non-inter-level travel turns spent in this place.
 E = Turns spent auto-exploring this place as a percentage of non-inter-level travel turns spent in this place.
 F = Non-inter-level travel turns spent in this place divided by the number of levels of this place that you've seen.
                   A       B       C       D       E      F
               +-------+-------+-------+-------+-------+----------------------
         Total | 100.0 | 100.0 |   2.2 |  19.7 |  56.6 | 894.6
       Dungeon |  96.6 |  96.6 |   2.3 |  19.9 |  57.5 | 959.8
          Lair |   3.4 |   3.4 |   0.0 |  15.9 |  30.8 | 308.0
               +-------+-------+-------+-------+-------+----------------------

Table legend:
 A = Kills in this place as a percentage of kills in entire the game.
 B = Kills by you in this place as a percentage of kills by you in the entire game.
 C = Kills by friends in this place as a percentage of kills by friends in the entire game.
 D = Other kills in this place as a percentage of other kills in the entire game.
 E = Experience gained in this place as a percentage of experience gained in the entire game.
 F = Experience gained in this place divided by the number of levels of this place that you have seen.
                   A       B       C       D       E      F
               +-------+-------+-------+-------+-------+----------------------
         Total | 100.0 | 100.0 | 100.0 | 100.0 | 100.0 | 1231.3
       Dungeon |  96.7 |  97.0 |   0.0 | 100.0 |  80.8 | 1105.1
          Lair |   3.3 |   3.0 | 100.0 |   0.0 |  19.2 | 2367.0
               +-------+-------+-------+-------+-------+----------------------
